 Dungeon Crawl Stone Soup version 0.30-a0-341-g682706514a (webtiles) character file.

Game seed: 4545243195514324236

27 ytrimaz the Shooter (level 3, 28/28 HPs)
             Began as a Formicid Hunter on Nov 3, 2022.
             Quit the game on level 1 of the Dungeon.
             The game lasted 00:00:59 (494 turns).

ytrimaz the Shooter (Formicid Hunter)                Turns: 494, Time: 00:00:59

Health: 28/28      AC:  7    Str: 15    XL:     3   Next: 25%
Magic:  3/3        EV: 12    Int:  8    God:
Gold:   88         SH:  0    Dex: 25    Spells: 2/2 levels left

rFire   . . .      SeeInvis +    a - +0 shortbow
rCold   . . .      Faith    .    (no shield)
rNeg    . . .      Spirit   .    c - +0 leather armour
rPois   .          Reflect  .    (helmet unavailable)
rElec   .          Harm     .    (no cloak)
rCorr   .          Rampage  .    (no gloves)
Will    .....                    (no boots)
Stlth   ++........               (no amulet)
HPRegen 0.24/turn                e - +4 ring of protection
MPRegen 0.08/turn                h - +6 ring of dexterity

@: no status effects
A: permanent stasis, dig shafts and tunnels, antennae 3, four strong arms
a: Dig, Shaft Self


You were on level 1 of the Dungeon.
You visited 1 branch of the dungeon, and saw 1 of its levels.

You collected 88 gold pieces.


Innate Abilities, Weirdness & Mutations

You cannot be hasted, slowed, berserked, paralysed or teleported.
You can dig through walls and to a lower floor.
You have a pair of large antennae on your head. (SInv)
Your four strong arms can wield two-handed weapons with a shield.


   Skills:
 + Level 2.9 Fighting
 + Level 4.3 Ranged Weapons
 - Level 2.0 Dodging
 - Level 1.7 Stealth


You had 2 spell levels left.
You didn't know any spells.
Your spell library was empty.

Inventory:

Hand Weapons
 a - a +0 shortbow (weapon)
Armour
 c - a +0 leather armour (worn)
Jewellery
 e - a +4 ring of protection (left hand)
   (You found it on level 1 of the Dungeon)
 h - a +6 ring of dexterity (right hand)
   (You found it on level 1 of the Dungeon)
Scrolls
 b - a scroll of immolation
 d - a scroll of butterflies {unknown}
 g - 2 scrolls of poison {unknown}
 i - a scroll of fear {unknown}
 j - a scroll of brand weapon {unknown}
 k - a scroll of summoning {unknown}
 n - a scroll of teleportation {unknown}
Potions
 f - 2 potions of curing {unknown}
 l - a potion of cancellation {unknown}
 m - a potion of resistance {unknown}
 o - a potion of berserk rage {unknown}

Dungeon Overview and Level Annotations

Branches:
Dungeon (1/15) Zot: 5491

Altars:

####### ##.....##
##.......## #.........#
#.........# #.........#
###.........#
##...........#
#########....@.......#
#..........#.........#
#.###...###...###....#
##.#.............#....#
###..#.............#....#
........###...###......##
####....#<......#.....##
####....#.......#...###
##...#.............##


There were no monsters in sight!


Message History

A kobold is nearby!
You shoot an arrow.
The arrow hits the kobold but does no damage.
You shoot an arrow.
The arrow hits the kobold but does no damage.
A hobgoblin comes into view.
There are monsters nearby!
There are monsters nearby!
You shoot an arrow. The arrow barely misses the kobold.
The hobgoblin shouts!
The arrow hits the hobgoblin but does no damage.
You shoot an arrow. The arrow hits the kobold.
You kill the kobold!
You shoot an arrow.
The arrow hits the hobgoblin but does no damage.
You shoot an arrow. The arrow hits the hobgoblin.
You kill the hobgoblin!
No target in view!
You sense a monster nearby.
Things that are here:
a +0 short sword; a kobold corpse A kobold comes into view.
It is wielding a +0 short sword.
The kobold moves out of view.
You sense a monster nearby.
No target in view!
A kobold is nearby!
A kobold is nearby!
You shoot an arrow. The arrow completely misses the kobold.
The kobold shouts!
You shoot an arrow. The arrow closely misses the kobold.
You shoot an arrow. The arrow barely misses the kobold.
The kobold closely misses you.
You shoot an arrow. The arrow hits the kobold!
You kill the kobold!
No target in view!
No target in view!
No target in view!
No target in view!
No target in view!
No target in view!
No target in view!
No target in view!
No target in view!
Things that are here:
a +0 short sword; 2 stones A rat comes into view.
A rat is nearby!
You shoot an arrow. The arrow hits the rat.
You kill the rat!
Key pressed, stopping explore.
You see here 7 stones.
Key pressed, stopping explore.
n - a scroll labelled BICRYA YCSIGY Key pressed, stopping explore.
A hobgoblin comes into view.
Found a bubbling brown potion.
Found a stone staircase leading down.
A hobgoblin is nearby!
A hobgoblin is nearby!
A hobgoblin is nearby!
Non-targeted abil: Dig
Press: ? - help, Q - select action, (/) - cycle Dir - look around, f - activate You extend your mandibles.
Unknown command.
You shoot an arrow. The arrow hits the hobgoblin.
The hobgoblin shouts!
You shoot an arrow. The arrow hits the hobgoblin.
You kill the hobgoblin!
No target in view!
You retract your mandibles.
You see here a hobgoblin corpse.
f - 2 bubbling brown potions (gained 1)
o - a ruby potion Non-targeted abil: Dig
Press: ? - help, Q - select action, (/) - cycle Dir - look around, f - activate
Okay, then.
Key pressed, stopping explore.
An endoplasm comes into view.
An endoplasm is nearby!
You shoot an arrow. The arrow hits the endoplasm!
You kill the endoplasm!
No target in view!
No target in view!
Things that are here:
a +0 short sword; 2 stones Key pressed, stopping explore.
Key pressed, stopping explore.
You now have 88 gold pieces (gained 5).
Done exploring.
No target in view!
Done exploring.
No target in view!
No target in view!
Key pressed, stopping explore.
No target in view!
No target in view!
No target in view!
Done exploring.
Done exploring.
Done exploring.
Are you sure you want to abandon this character and quit the game? (Confirm with "yes".)

Skill      XL: |  1  2 |
---------------+-------+-----
Dodging        | 2 |  2.0
Fighting       | |  2.9
Ranged Weapons | |  4.3
Stealth        | |  1.7

Action                   || total
-------------------------++-------
 Fire: Shortbow          ||    48
 Abil: Dig               ||     1
Armor: Leather armour    ||     5
Dodge: Dodged            ||    11

Levels and vault maps discovered:
D:1:      minmay_arrival_open_corners, layout_rooms, hex_intersection,
          minmay_pentomino_z2

Notes
Turn   | Place    | Note
-------+----------+-------------------------------------------
     0 | D:1      | ytrimaz the Formicid Hunter began the quest for the Orb.
     0 | D:1      | Reached XP level 1. HP: 16/16 MP: 1/1
     0 | D:1      | magus.rc [v1.9.6]
   101 | D:1      | Reached XP level 2. HP: 23/23 MP: 2/2
   103 | D:1      | Reached skill level 2 in Dodging
   173 | D:1      | Reached XP level 3. HP: 27/28 MP: 3/3
   494 | D:1      | Quit the game

Vanquished Creatures
  An endoplasm (D:1)
  A giant cockroach (D:1)
  2 goblins (D:1)
  2 hobgoblins (D:1)
  3 jackals (D:1)
  3 quokkas (D:1)
  5 ball pythons (D:1)
  2 frilled lizards (D:1)
  3 kobolds (D:1)
  2 rats (D:1)
24 creatures vanquished.

Table legend:
 A = Non-vault XP
 B = Vault XP
 C = Vault XP percentage of total XP
 D = Non-vault monster count
 E = Vault monster count
 F = Vault count percentage of total count
                 A         B        C        D         E       F
            +---------+---------+-------+---------+---------+-------
      Total |      37 |       2 |   5.1 |      23 |       1 |   4.2
            +---------+---------+-------+---------+---------+-------
        D:1 |      37 |       2 |   5.1 |      23 |       1 |   4.2
            +---------+---------+-------+---------+---------+-------

Illustrated notes

Table legend:
 A = Kills in this place as a percentage of kills in entire the game.
 B = Kills by you in this place as a percentage of kills by you in the entire game.
 C = Kills by friends in this place as a percentage of kills by friends in the entire game.
 D = Other kills in this place as a percentage of other kills in the entire game.
 E = Experience gained in this place as a percentage of experience gained in the entire game.
 F = Experience gained in this place divided by the number of levels of this place that you have seen.
                   A       B       C       D       E      F
               +-------+-------+-------+-------+-------+----------------------
         Total | 100.0 | 100.0 |   N/A |   N/A | 100.0 |  39.0
       Dungeon | 100.0 | 100.0 |   N/A |   N/A | 100.0 |  39.0
               +-------+-------+-------+-------+-------+----------------------

Table legend: (Time is in decaauts)
 A = Elapsed time spent in this place.
 B = Non-inter-level travel time spent in this place.
 C = Inter-level travel time spent in this place.
 D = Time resting spent in this place.
 E = Time spent auto-exploring this place.
 F = Levels seen in this place.
 G = Mean time per level.
                   A        B        C        D        E       F      G
               +--------+--------+--------+--------+--------+-----+--------+
         Total |    508 |    508 |      0 |      0 |    404 |   1 |  508.0 |
       Dungeon |    508 |    508 |      0 |      0 |    404 |   1 |  508.0 |
               +--------+--------+--------+--------+--------+-----+--------+

Top non-repeatable levels by time:
     D:1: 508 daAuts
